 Dungeon Crawl Stone Soup version 0.31-a0-1156-g12f98b2 (webtiles) character file.

Game seed: 13834011742437420850

21 PidgeyThePirate the Cudgeller (level 3, 0/25 (30) HPs)
             Began as a Meteoran Reaver on Dec 7, 2023.
             Slain by a worm (6 damage)
             ... on level 2 of the Dungeon.
             The game lasted 00:03:12 (597 turns).

PidgeyThePirate the Cudgeller (Meteoran Reaver)      Turns: 597, Time: 00:03:13

HP:   0/25 (30)     AC:  3    Str: 14    XL:     3   Next: 20%
MP:   8/8           EV: 12    Int: 16    God:
Gold: 38            SH:  0    Dex: 12    Spells: 6/7 levels left

rFire   . . .        a - +0 mace
rCold   . . .        (no shield)
rNeg    . . .        b - +0 leather armour
rPois   .            (no helmet)
rElec   .            (no cloak)
rCorr   .            (no gloves)
SInv    .            (no boots)
Will    .....        (no amulet)
Stlth   +            (no ring)
HPRegen 0.24/turn    (no ring)
MPRegen 0.11/turn

%: no passive effects
@: glowing, heavily drained
A: sense surroundings 1, otherworldly, glowing, explore regen
a: no special abilities


You were on level 2 of the Dungeon.
You visited 1 branch of the dungeon, and saw 2 of its levels.

You collected 38 gold pieces.

Inventory:

Hand Weapons
 a - a +0 mace (weapon)
Armour
 b - a +0 leather armour (worn)
Jewellery
 f - an amulet of faith
Potions
 c - a potion of brilliance {unknown}
 d - 2 potions of haste {unknown}
 e - a potion of resistance {unknown}
 g - 2 potions of degeneration {unknown}
 h - a potion of curing {unknown}
 i - a potion of enlightenment {unknown}
 j - a potion of magic {unknown}


   Skills:
 + Level 2.3 Fighting
 + Level 4.4 Maces & Flails
 + Level 0.3 Armour
 + Level 2.3 Dodging
 + Level 2.8 Spellcasting
 + Level 4.1 Conjurations


You had 6 spell levels left.
You knew the following spells:

 Your Spells              Type           Power      Damage    Failure   Level
a - Kiss of Death         Conj/Necr      32%        2d7       11%         1

Your spell library contained the following spells:

 Spells                   Type           Power      Damage    Failure   Level
 Momentum Strike          Conj/Tloc      16%        3d8       16%         2
 Hailstorm                Conj/Ice       8%         3d5       30%         3
 Cigotuvi's Dreadful Rot  Necr/Pois/Air  4%         N/A       36%         2
 Ensorcelled Hibernation  Hex/Ice        4%         N/A       36%         2
 Jinxbite                 Hex            4%         N/A       36%         2
 Ignite Poison            Fire/Tmut/Pois 2%         N/A       58%         3
 Anguish                  Hex/Necr       1%         N/A       94%         4
 Freezing Cloud           Conj/Ice/Air   3%         6-21      98%         5


Dungeon Overview and Level Annotations

Branches:
Dungeon (2/15) Zot: 587

Altars:


Innate Abilities, Weirdness & Mutations

You passively map a small area around you.
You are easily found by Zot.
You glow in the dark.
You regain HP and MP as you explore.


Message History

Unknown command.
Unknown command.
Unknown command.
Unknown command.
Unknown command.
Unknown command.
Unknown command.
Unknown command.
Unknown command.
Unknown command.
Unknown command.
You hit the worm.
The worm is lightly wounded.
The worm barely misses you.
You completely miss the worm.
The worm is lightly wounded.
You barely miss the worm.
The worm is lightly wounded.
The worm bites you but does no damage.
You hit the worm.
The worm is lightly wounded.
The worm closely misses you.
You hit the worm but do no damage.
The worm is lightly wounded.
You completely miss the worm.
The worm is lightly wounded.
The worm bites you!
You hit the worm.
The worm is moderately wounded.
The worm misses you.
You barely miss the worm.
The worm is moderately wounded.
The worm bites you!
* * * LOW HITPOINT WARNING * * *
You hit the worm.
The worm is moderately wounded.
You hit the worm.
The worm is severely wounded.
The worm bites you.
You die...

, * * #...# , ,
#####...#+### *
#...........#
#...........# , ,
.#####...........#,
,.....#...........#
.....#.....w......,
.....##...@### ** ,
............#.# , , #
.##..........# , *
....##........### ..
,
..........########...
, * **
........#............
,
........#............
........#............
* ,
....##..#............
*


You could see a worm.

Vanquished Creatures
  An endoplasm (D:1)
  3 goblins (D:1)
  3 hobgoblins (D:1)
  A kobold (D:1)
  A quokka (D:1)
  4 ball pythons (D:1)
  3 bats
  A frilled lizard (D:1)
  4 rats (D:1)
21 creatures vanquished.

Notes
Turn   | Place    | Note
-------+----------+-------------------------------------------
     0 | D:1      | PidgeyThePirate the Meteoran Reaver began the quest for the
                  | Orb.
     0 | D:1      | Reached XP level 1. HP: 17/17 MP: 5/5
    60 | D:1      | Reached XP level 2. HP: 24/24 MP: 6/6
   331 | D:1      | Reached XP level 3. HP: 21/29 MP: 8/8
   487 | D:1      | Glimpsed the power of Zot.
   597 | D:2      | Slain by a worm

Illustrated notes

Levels and vault maps discovered:
D:1:      psy_arrival_whirlpool, layout_loops_ring, minivault_14
D:2:      layout_basic, hellmonk_ecumenical_altar_prayer_group,
          uniq_crazy_yiuf_cottage

Skill      XL: |  1  2 |
---------------+-------+-----
Conjurations   | 4 |  4.1
Fighting       | |  2.3
Maces & Flails | |  4.4
Armour         | |  0.3
Dodging        | |  2.3
Spellcasting   | |  2.8

Action                     || total
---------------------------++-------
  Melee: Mace              ||    72
   Cast: Kiss of Death     ||     1
 Armour: Leather armour    ||    42
  Dodge: Dodged            ||    67

Table legend: (Time is in decaauts)
 A = Elapsed time spent in this place.
 B = Non-inter-level travel time spent in this place.
 C = Inter-level travel time spent in this place.
 D = Time resting spent in this place.
 E = Time spent auto-exploring this place.
 F = Levels seen in this place.
 G = Mean time per level.
                   A        B        C        D        E       F      G
               +--------+--------+--------+--------+--------+-----+--------+
         Total |    611 |    167 |    444 |      0 |      0 |   2 |  305.5 |
       Dungeon |    611 |    167 |    444 |      0 |      0 |   2 |  305.5 |
               +--------+--------+--------+--------+--------+-----+--------+

Top non-repeatable levels by time:
     D:1: 531 daAuts
     D:2: 80 daAuts
